Map: Blackpink LE

Players

iGiA (iAsonu) - Winner!

  • Race: Zerg Zerg
  • League: Diamond
  • Spawn Location: 1:00

HuT

  • Race: Terran Terran
  • Spawn Location: 7:00

Event: WESG 2017 Haikou

VOD

Have the link to the VOD?

Description

Time

  • Played on: March 13, 2018, 6:11 a.m.
  • Length: 6:27

All games in this series

Show
View Real Time Build Order
Export as new Build Order

iGiA Zerg - Winner!

Build Orders: Pool First 

Get SALT Encoding   

  12  0:01  Drone  
  13  0:12  Overlord  
  13  0:17  Drone  
  14  0:30  Drone x2  
  14  0:34  Drone  
  17  0:45  Spawning Pool  
  17  0:47  Drone  
  17  1:07  Hatchery  
  17  1:10  Drone  
  17  1:12  Extractor  
  17  1:15  Drone  
  18  1:18  Drone  
  18  1:31  Queen  
  18  1:32  Zergling x2  
  21  1:40  Drone  
  22  1:49  Overlord  
  22  2:07  Queen  
  24  2:09  Drone  
  24  2:13  Metabolic Boost  
  25  2:16  Drone  
  25  2:19  Queen  
  25  2:21  Drone  
  29  2:23  Drone  
  30  2:31  Drone  
  30  2:34  Drone  
  32  2:40  Overlord  
  32  2:42  Drone  
  32  2:44  Drone x2  
  35  2:47  Drone  
  35  2:57  Overlord  
  35  3:00  Drone  
  36  3:08  Drone  
  36  3:09  Drone  
  37  3:15  Zergling x2  
  37  3:17  Zergling x2  
  37  3:18  Zergling x4  
  41  3:23  Drone  
  42  3:28  Drone x4  
  45  3:36  Roach Warren  
  45  3:38  Drone, Extractor  
  45  3:39  Extractor  
  43  3:41  Drone  
  43  3:44  Hatchery, Drone  
  44  3:50  Zergling x2  
  44  3:52  Overlord  
  45  3:56  Drone  
  46  4:04  Overlord  
  46  4:05  Zergling x2  
  46  4:06  Zergling x6  
  50  4:16  Overlord  
  50  4:19  Overlord  
  50  4:23  Roach  
  50  4:24  Roach  
  54  4:28  Roach x3  
  60  4:35  Overlord x2  
  60  4:37  Roach x2  
  64  4:42  Roach  
  66  4:48  Roach x2  
  69  4:54  Spore Crawler  
  69  4:56  Zergling x4  
  70  5:02  Zergling x8  
  74  5:10  Ravager x3  
  77  5:14  Zergling x2  
  77  5:15  Zergling x6  
  77  5:16  Ravager x2  
  83  5:23  Zergling x6  
  83  5:26  Overlord  
  83  5:27  Ravager  
  83  5:28  Ravager  
Show
View Real Time Build Order
Export as new Build Order

HuT Terran 

Build Orders: Reaper Expand 

Get SALT Encoding   

  12  0:00  SCV  
  13  0:12  SCV  
  14  0:17  Supply Depot  
  14  0:25  SCV  
  15  0:38  SCV  
  15  0:40  Barracks  
  16  0:44  Refinery  
  16  0:50  SCV  
  17  1:02  SCV  
  18  1:14  SCV  
  19  1:27  Orbital Command, Reaper  
  20  1:39  Command Center  
  20  1:49  Supply Depot  
  20  1:53  SCV  
  21  1:59  Marine  
  22  2:05  SCV  
  22  2:08  Factory  
  23  2:12  Refinery  
  23  2:17  SCV  
  23  2:22  Barracks Reactor  
  24  2:29  SCV  
  25  2:41  SCV  
  26  2:53  SCV, Starport  
  27  3:00  Orbital Command  
  27  3:05  SCV  
  27  3:08  Hellion  
  27  3:09  Hellion  
  27  3:10  Barracks Tech Lab  
  31  3:18  SCV  
  32  3:26  Supply Depot  
  32  3:29  SCV  
  32  3:30  SCV, Hellion x2  
  39  3:41  SCV  
  39  3:42  SCV  
  39  3:44  Medivac  
  42  3:53  SCV  
  42  3:54  SCV, Supply Depot  
  44  3:59  Factory Tech Lab  
  44  4:01  Marine x2  
  46  4:05  SCV  
  46  4:06  SCV  
  48  4:14  Viking  
  49  4:17  SCV  
  49  4:18  SCV  
  49  4:23  Command Center  
  51  4:27  Siege Tank  
  51  4:29  SCV  
  51  4:30  SCV  
  56  4:33  Marine x2  
  56  4:37  Supply Depot  
  58  4:41  SCV  
  58  4:42  SCV, Liberator  
  58  4:44  Supply Depot  
  60  4:54  SCV x2  
  60  4:55  Supply Depot  
  60  4:59  Marine x2  
  67  5:00  Supply Depot  
  67  5:02  Siege Tank  
  67  5:06  SCV  
  71  5:13  Refinery x2  
  71  5:23  Marine x2, Barracks  
  71  5:25  SCV x2  
  71  5:26  Barracks  
  75  5:30  Supply Depot  
  70  5:41  Marine x2  
Tags
 
Add a new tag
Caveats
  • Supply blocks, unpowered buildings, or Contaminate may cause inaccurate times.
  • Supply counts are checked every 10 seconds.